[Event "HUN-ch U8-U18 2019"]
[Site "Balatonlelle"]
[Date "2019.06.24"]
[Round "4.14"]
[White "Kokeny, Norbert Adrian"]
[Black "Vanczak, Tamas"]
[Result "0-1"]
[ECO "A04"]
[WhiteElo "2268"]
[BlackElo "2311"]
[Annotator "NA"]
[PlyCount "130"]
[EventDate "2019.06.21"]
[EventType "swiss"]
[EventCountry "HUN"]
[SourceTitle "playchess.com"]
[Source "ChessBase"]
[SourceQuality "1"]
[TimeControl "40/5400+30:1800+30"]

1. Nf3 f5 2. g3 b6 3. Bg2 Bb7 4. b3 Nf6 5. Bb2 e6 6. O-O Be7 7. c4 O-O 8. d4 Ne4 9. Nbd2 d6 10. Ne1 Nd7 11. Nxe4 Bxe4 12. Bxe4 fxe4 13. Ng2 Bg5 14. Qc2 Nf6 15. f3 exf3 16. exf3 Bh6 17. Rae1 Qd7 18. Re2 Rae8 19. Rfe1 Qf7 20. Qd3 Nd7 21. f4 g6 22. Re3 Re7 23. Qe2 Rfe8 24. Nh4 Bg7 25. Nf3 Bf6 26. Qd2 Qg7 27. R1e2 a5 28. Qe1 Qf7 29. Bc3 h6 30. h4 Bg7 31. Nh2 c5 32. Nf3 Qf5 33. a3 cxd4 34. Bxd4 Bxd4 35. Nxd4 Qc5 36. Nb5 e5 37. b4 Qc6 38. Rd2 d5 39. Rxd5 Qxc4 40. Qd1 Nf6 41. Rd6 Kg7 42. a4 Qxb4 43. Kh1 exf4 44. Qa1 Qe1+ 45. Qxe1 Rxe3 46. Qf2 Re1+ 47. Kg2 R8e2 48. Rxb6 Rxf2+ 49. Kxf2 Ra1 50. Rb7+ Kg8 51. gxf4 Rxa4 52. Nd6 Rxf4+ 53. Kg3 Nh5+ 54. Kh3 a4 55. Ra7 Kf8 56. Nb5 Rb4 57. Nc7 Rb3+ 58. Kh2 a3 59. Nd5 Rb2+ 60. Kh3 a2 61. Ne7 Rb3+ 62. Kh2 Nf4 63. Nc6 Rh3+ 64. Kg1 Rc3 65. Ra8+ Kg7 0-1

[Event "HUN-ch U8-U18 2019"]
[Site "Balatonlelle"]
[Date "2019.06.24"]
[Round "4.14"]
[White "Gyurika, Tamas"]
[Black "Farkas, Otto Jr."]
[Result "1-0"]
[ECO "B02"]
[WhiteElo "1643"]
[BlackElo "1859"]
[Annotator "NA"]
[PlyCount "59"]
[EventDate "2019.06.21"]
[EventType "swiss"]
[EventCountry "HUN"]
[SourceTitle "playchess.com"]
[Source "ChessBase"]
[SourceQuality "1"]
[TimeControl "40/5400+30:1800+30"]

1. e4 Nf6 2. Nc3 d5 3. e5 Nfd7 4. d4 c5 5. dxc5 e6 6. Nf3 Nc6 7. Bf4 Bxc5 8. Bd3 h6 9. Qd2 a6 10. O-O g5 11. Bg3 Be7 12. Ne2 g4 13. Nfd4 Ndxe5 14. Nxc6 Nxc6 15. Qc3 Bf6 16. Qc5 Bd7 17. Nf4 Bd4 18. Qa3 Qe7 19. Qa4 Be5 20. Rfe1 Qg5 21. Bb5 Rc8 22. Bxc6 Bxc6 23. Qb4 a5 24. Qd2 Rg8 25. Rad1 Bxf4 26. Bxf4 Qf6 27. Be5 Qg6 28. Qxa5 Qxc2 29. Qb4 Qf5 30. Qc5 1-0

[Event "HUN-ch U8-U18 2019"]
[Site "Balatonlelle"]
[Date "2019.06.24"]
[Round "4.15"]
[White "Udvardi, Zalan"]
[Black "Acs, Marton"]
[Result "1-0"]
[ECO "C54"]
[WhiteElo "2211"]
[BlackElo "2138"]
[Annotator "NA"]
[PlyCount "69"]
[EventDate "2019.06.21"]
[EventType "swiss"]
[EventCountry "HUN"]
[SourceTitle "playchess.com"]
[Source "ChessBase"]
[SourceQuality "1"]
[TimeControl "40/5400+30:1800+30"]

1. e4 e5 2. Nf3 Nc6 3. d4 exd4 4. Bc4 Bc5 5. c3 Nf6 6. e5 d5 7. Bb5 Ne4 8. cxd4 Bb6 9. Nc3 O-O 10. h3 Ba5 11. Bd2 Nxd2 12. Qxd2 f6 13. Bxc6 bxc6 14. O-O fxe5 15. Nxe5 Qf6 16. Rfe1 Re8 17. Re3 c5 18. Rae1 Be6 19. dxc5 Rad8 20. Qd4 Bxc3 21. bxc3 Bf5 22. Ng4 Qf7 23. Rxe8+ Rxe8 24. Rxe8+ Qxe8 25. Qxd5+ Be6 26. Qe4 Qd7 27. Qa8+ Qc8 28. Qxa7 Qd8 29. Ne3 h6 30. Qa6 Bf7 31. a4 Qd2 32. Qc8+ Kh7 33. Qxc7 Qe1+ 34. Kh2 Qxf2 35. Qe5 1-0

[Event "HUN-ch U8-U18 2019"]
[Site "Balatonlelle"]
[Date "2019.06.24"]
[Round "4.15"]
[White "Barsi, Botond"]
[Black "Kun, Balint"]
[Result "1/2-1/2"]
[ECO "D02"]
[WhiteElo "1850"]
[BlackElo "1813"]
[Annotator "NA"]
[PlyCount "50"]
[EventDate "2019.06.21"]
[EventType "swiss"]
[EventCountry "HUN"]
[SourceTitle "playchess.com"]
[Source "ChessBase"]
[SourceQuality "1"]
[TimeControl "40/5400+30:1800+30"]

1. d4 d5 2. Nf3 Nf6 3. Bf4 c5 4. c3 Nc6 5. e3 Qb6 6. Qc2 Bg4 7. Nbd2 e6 8. h3 Bf5 9. Qb3 c4 10. Qxb6 axb6 11. a3 b5 12. Rc1 h6 13. Be2 Be7 14. O-O O-O 15. Bd1 Nd7 16. Re1 Rfe8 17. e4 Bh7 18. Bc2 Nb6 19. exd5 exd5 20. Ne5 Nxe5 21. Bxh7+ Kxh7 22. Rxe5 Bf6 23. Rf5 Rac8 24. Kf1 Red8 25. Rc2 Na4 1/2-1/2

[Event "HUN-ch U8-U18 2019"]
[Site "Balatonlelle"]
[Date "2019.06.24"]
[Round "4.16"]
[White "Kaloczi, Kristof"]
[Black "Miszler, Levente"]
[Result "0-1"]
[ECO "C06"]
[WhiteElo "2098"]
[BlackElo "2041"]
[Annotator "NA"]
[PlyCount "70"]
[EventDate "2019.06.21"]
[EventType "swiss"]
[EventCountry "HUN"]
[SourceTitle "playchess.com"]
[Source "ChessBase"]
[SourceQuality "1"]
[TimeControl "40/5400+30:1800+30"]

1. e4 e6 2. d4 d5 3. Nd2 Nf6 4. e5 Nfd7 5. Bd3 c5 6. c3 Nc6 7. Ne2 cxd4 8. cxd4 f6 9. exf6 Nxf6 10. Nf3 Bd6 11. O-O O-O 12. Bf4 Bxf4 13. Nxf4 Ne4 14. Qc1 Qf6 15. Nh5 Qf5 16. Ng3 Nxg3 17. Bxf5 Ne2+ 18. Kh1 Nxc1 19. Bc2 Ne2 20. Rad1 Nf4 21. Rfe1 Rf6 22. Re3 Bd7 23. Rde1 Rc8 24. Bb1 Ng6 25. a3 Nge7 26. h3 Nf5 27. Rd3 Na5 28. g4 Nd6 29. Kg2 Ne4 30. b3 Rcf8 31. Rde3 Nd2 32. Nxd2 Rxf2+ 33. Kg3 Rxd2 34. Bd3 Nc6 35. g5 Nxd4 0-1

[Event "HUN-ch U8-U18 2019"]
[Site "Balatonlelle"]
[Date "2019.06.24"]
[Round "4.16"]
[White "Torok, Csaba"]
[Black "Szalay-Ocsak, Bank"]
[Result "0-1"]
[ECO "B29"]
[WhiteElo "1579"]
[BlackElo "1826"]
[Annotator "NA"]
[PlyCount "38"]
[EventDate "2019.06.21"]
[EventType "swiss"]
[EventCountry "HUN"]
[SourceTitle "playchess.com"]
[Source "ChessBase"]
[SourceQuality "1"]
[TimeControl "40/5400+30:1800+30"]

1. e4 c5 2. Nf3 Nf6 3. Nc3 d5 4. exd5 Nxd5 5. d4 Nxc3 6. bxc3 g6 7. Be3 Bg7 8. Qd2 Qa5 9. Be2 O-O 10. O-O Rd8 11. Bh6 Bh8 12. Qe3 Nc6 13. Ne5 Qa4 14. Nxc6 Qxc6 15. Bf3 cxd4 16. Qxe7 Re8 17. Bxc6 Rxe7 18. Rfe1 Be6 19. Bxb7 Rxb7 0-1

[Event "HUN-ch U8-U18 2019"]
[Site "Balatonlelle"]
[Date "2019.06.24"]
[Round "4.17"]
[White "Tancsa, Tamas"]
[Black "Palczert, Matyas"]
[Result "1/2-1/2"]
[ECO "B49"]
[WhiteElo "2158"]
[BlackElo "2007"]
[Annotator "NA"]
[PlyCount "63"]
[EventDate "2019.06.21"]
[EventType "swiss"]
[EventCountry "HUN"]
[SourceTitle "playchess.com"]
[Source "ChessBase"]
[SourceQuality "1"]
[TimeControl "40/5400+30:1800+30"]

1. e4 c5 2. Nf3 e6 3. d4 cxd4 4. Nxd4 Nc6 5. Nc3 Qc7 6. Be3 a6 7. Be2 Nf6 8. O-O Be7 9. f4 d6 10. Bf3 O-O 11. Qd2 Bd7 12. a3 Rfd8 13. Rac1 Rac8 14. Na2 Nxd4 15. Bxd4 Bc6 16. Qe3 Nd7 17. b4 Bb5 18. Rfe1 Bc4 19. Nc3 e5 20. Nd5 Bxd5 21. exd5 exd4 22. Qxe7 Ne5 23. Qxc7 Nxf3+ 24. Kf2 Rxc7 25. Kxf3 Rdc8 26. Ke4 Kf8 27. Kxd4 Rxc2 28. Rxc2 Rxc2 29. a4 b5 30. axb5 axb5 31. Kd3 Rc4 32. Re4 1/2-1/2

[Event "HUN-ch U8-U18 2019"]
[Site "Balatonlelle"]
[Date "2019.06.24"]
[Round "4.17"]
[White "Horvath, Balazs"]
[Black "Kresz, Adam"]
[Result "1/2-1/2"]
[ECO "D02"]
[WhiteElo "2139"]
[BlackElo "1949"]
[Annotator "NA"]
[PlyCount "63"]
[EventDate "2019.06.21"]
[EventType "swiss"]
[EventCountry "HUN"]
[SourceTitle "playchess.com"]
[Source "ChessBase"]
[SourceQuality "1"]
[TimeControl "40/5400+30:1800+30"]

1. Nf3 d5 2. d4 Nf6 3. g3 Bf5 4. Bg2 h6 5. O-O e6 6. b3 Bd6 7. Bb2 Nbd7 8. c4 c6 9. Nbd2 O-O 10. Re1 Ne4 11. Nxe4 Bxe4 12. e3 Qf6 13. Nd2 Bxg2 14. Kxg2 Bb4 15. a3 Bxd2 16. Qxd2 Qg6 17. Rac1 a5 18. a4 f5 19. c5 Qh5 20. h4 Nf6 21. f3 g5 22. hxg5 hxg5 23. Rh1 Qg6 24. Rh2 g4 25. f4 Ne4 26. Qc2 Kg7 27. Rch1 Rh8 28. Bc3 Rxh2+ 29. Rxh2 Rh8 30. Rxh8 Kxh8 31. Be1 Qe8 32. Qb2 1/2-1/2

[Event "HUN-ch U8-U18 2019"]
[Site "Balatonlelle"]
[Date "2019.06.24"]
[Round "4.18"]
[White "Pogany, Zsombor"]
[Black "Szabo, A. Martin"]
[Result "1-0"]
[ECO "B30"]
[WhiteElo "2121"]
[BlackElo "1946"]
[Annotator "NA"]
[PlyCount "81"]
[EventDate "2019.06.21"]
[EventType "swiss"]
[EventCountry "HUN"]
[SourceTitle "playchess.com"]
[Source "ChessBase"]
[SourceQuality "1"]
[TimeControl "40/5400+30:1800+30"]

1. e4 c5 2. Nf3 Nc6 3. c4 e5 4. Nc3 d6 5. g3 g6 6. Bg2 Bg7 7. d3 Nge7 8. Be3 O-O 9. h4 Bg4 10. Qd2 Bxf3 11. Bxf3 Nd4 12. Bxd4 exd4 13. Nd5 Nxd5 14. cxd5 b5 15. O-O c4 16. h5 Qb6 17. hxg6 hxg6 18. Kg2 a5 19. Rh1 a4 20. Rh3 c3 21. Qc2 b4 22. Rah1 b3 23. Qc1 f6 24. Bg4 f5 25. exf5 Qb7 26. fxg6 Qxd5+ 27. f3 Rf6 28. Rh5 Qb7 29. Bf5 Ra5 30. g4 bxa2 31. bxc3 Rfxf5 32. Rxf5 Rxf5 33. gxf5 dxc3 34. Qe3 Qc8 35. Qe4 Kf8 36. Qd5 Qd7 37. Re1 Bf6 38. Qxa2 d5 39. Re6 Kg7 40. Qb1 Qc7 41. Qh1 1-0

[Event "HUN-ch U8-U18 2019"]
[Site "Balatonlelle"]
[Date "2019.06.24"]
[Round "4.18"]
[White "Tran, David"]
[Black "Bodrogi, Bendeguz"]
[Result "1/2-1/2"]
[ECO "B24"]
[WhiteElo "2078"]
[BlackElo "1925"]
[Annotator "NA"]
[PlyCount "45"]
[EventDate "2019.06.21"]
[EventType "swiss"]
[EventCountry "HUN"]
[SourceTitle "playchess.com"]
[Source "ChessBase"]
[SourceQuality "1"]
[TimeControl "40/5400+30:1800+30"]

1. e4 c5 2. Nc3 Nc6 3. g3 g6 4. Bg2 Bg7 5. d3 e6 6. f4 Nge7 7. Be3 b6 8. Nf3 d5 9. Bf2 O-O 10. O-O Bb7 11. e5 f6 12. exf6 Bxf6 13. Re1 Qd7 14. Bh3 Nf5 15. Bxf5 exf5 16. d4 Rad8 17. Ne2 Rfe8 18. c3 cxd4 19. Nexd4 Re4 20. Nxc6 Qxc6 21. Bd4 Rde8 22. Qd2 R8e7 23. Kf2 1/2-1/2

[Event "HUN-ch U8-U18 2019"]
[Site "Balatonlelle"]
[Date "2019.06.24"]
[Round "4.19"]
[White "Szegedy, Matyas"]
[Black "Kossela, Peter"]
[Result "1-0"]
[ECO "C47"]
[WhiteElo "1806"]
[BlackElo "1480"]
[Annotator "NA"]
[PlyCount "61"]
[EventDate "2019.06.21"]
[EventType "swiss"]
[EventCountry "HUN"]
[SourceTitle "playchess.com"]
[Source "ChessBase"]
[SourceQuality "1"]
[TimeControl "40/5400+30:1800+30"]

1. e4 e5 2. Nc3 Nf6 3. Nf3 Nc6 4. a3 d5 5. Bb5 Bg4 6. h3 Bxf3 7. Qxf3 d4 8. Ne2 a6 9. Bxc6+ bxc6 10. d3 Nd7 11. Ng3 Qf6 12. Qe2 Rb8 13. O-O Nc5 14. f4 Qg6 15. Qf2 f6 16. fxe5 fxe5 17. Nf5 Na4 18. b3 Nc5 19. Bd2 Bd6 20. Nh4 Qe6 21. Qg3 g6 22. Bg5 Be7 23. Nf3 Nd7 24. Qh4 h6 25. Bxe7 Qxe7 26. Qg4 g5 27. h4 Nf6 28. Qf5 gxh4 29. Nxe5 Rb5 30. Qg6+ Kf8 31. Rxf6+ 1-0

[Event "HUN-ch U8-U18 2019"]
[Site "Balatonlelle"]
[Date "2019.06.24"]
[Round "4.19"]
[White "Monduk, Ferenc"]
[Black "Hatala, Csaba Laszlo"]
[Result "1/2-1/2"]
[ECO "D43"]
[WhiteElo "1717"]
[BlackElo "1958"]
[Annotator "NA"]
[PlyCount "130"]
[EventDate "2019.06.21"]
[EventType "swiss"]
[EventCountry "HUN"]
[SourceTitle "playchess.com"]
[Source "ChessBase"]
[SourceQuality "1"]
[TimeControl "40/5400+30:1800+30"]

1. d4 d5 2. c4 e6 3. Nc3 c6 4. Nf3 Nf6 5. Bg5 Be7 6. e3 Nbd7 7. cxd5 exd5 8. Bd3 h6 9. Bh4 Ne4 10. Bxe7 Nxc3 11. bxc3 Qxe7 12. O-O O-O 13. Rb1 b6 14. Re1 Qd6 15. Qa4 Bb7 16. Qc2 Rfe8 17. a4 g6 18. Rb2 Kg7 19. Ra1 Re7 20. a5 b5 21. c4 a6 22. c5 Qc7 23. Qe2 Nf6 24. Bc2 Rae8 25. Ra3 Bc8 26. Ne5 Be6 27. h3 Nd7 28. Nf3 Nf8 29. Ra1 Qc8 30. Nd2 Bf5 31. Bd1 Nd7 32. Kh2 Nf6 33. Ra3 Ne4 34. Nf3 Qc7+ 35. Kg1 f6 36. Nd2 Nxd2 37. Qxd2 g5 38. f4 Be4 39. Qf2 Rh8 40. Bh5 Bg6 41. Be2 Qd7 42. Ra1 Qe6 43. Rb3 Be4 44. Rf1 f5 45. Bh5 Rg8 46. g4 Kh7 47. Kh2 Reg7 48. Rb2 fxg4 49. Bxg4 Bf5 50. Bxf5+ Qxf5 51. fxg5 Qxf2+ 52. Rfxf2 Rxg5 53. Rf6 R5g6 54. Rf7+ R6g7 55. Rf6 Rc7 56. Rd6 Rg6 57. Rd8 Ra7 58. Rb8 Re6 59. Re2 Ree7 60. Rb6 Re6 61. Kg3 Kg6 62. Rg2 Kf6 63. Kf4 Re4+ 64. Kf3 Re6 65. Kf4 Ra8 1/2-1/2

[Event "HUN-ch U8-U18 2019"]
[Site "Balatonlelle"]
[Date "2019.06.24"]
[Round "4.20"]
[White "Kovacs, Gabor Etele"]
[Black "Varga, Marcell"]
[Result "1-0"]
[ECO "C43"]
[WhiteElo "2062"]
[BlackElo "2106"]
[Annotator "NA"]
[PlyCount "65"]
[EventDate "2019.06.21"]
[EventType "swiss"]
[EventCountry "HUN"]
[SourceTitle "playchess.com"]
[Source "ChessBase"]
[SourceQuality "1"]
[TimeControl "40/5400+30:1800+30"]

1. e4 e5 2. Nf3 Nf6 3. d4 Nxe4 4. dxe5 d5 5. Nbd2 Nxd2 6. Qxd2 Be7 7. Be2 O-O 8. b3 c5 9. Bb2 Nc6 10. O-O Be6 11. Rfe1 Re8 12. a3 h6 13. Rad1 Qc7 14. Qf4 Rad8 15. Bd3 Bf8 16. Bc1 Qe7 17. Qg3 g6 18. Nh4 Kh8 19. Bxg6 Bg7 20. f4 Qxh4 21. Qxh4 fxg6 22. g4 Nd4 23. Rd3 Nxc2 24. Rf1 Nd4 25. Rxd4 cxd4 26. f5 gxf5 27. Bxh6 Rd7 28. Bxg7+ Kxg7 29. gxf5 Rf7 30. Qg4+ Kf8 31. fxe6 Rxf1+ 32. Kxf1 Re7 33. h4 1-0

[Event "HUN-ch U8-U18 2019"]
[Site "Balatonlelle"]
[Date "2019.06.24"]
[Round "4.20"]
[White "Szikszai, Bertalan"]
[Black "Gulacsi, Donat Ferenc"]
[Result "1-0"]
[ECO "B15"]
[WhiteElo "1896"]
[BlackElo "1638"]
[Annotator "NA"]
[PlyCount "154"]
[EventDate "2019.06.21"]
[EventType "swiss"]
[EventCountry "HUN"]
[SourceTitle "playchess.com"]
[Source "ChessBase"]
[SourceQuality "1"]
[TimeControl "40/5400+30:1800+30"]

1. e4 c6 2. d4 d5 3. Nc3 dxe4 4. Nxe4 Nf6 5. Ng3 e5 6. Be3 exd4 7. Bxd4 Be7 8. Nf3 O-O 9. Be2 Be6 10. O-O Nd5 11. Qd2 Nd7 12. c4 N5b6 13. b3 Bf6 14. Rad1 Qc7 15. Rfe1 Rad8 16. Qc2 Ne5 17. Nxe5 Bxe5 18. Bxe5 Qxe5 19. Bd3 Qa5 20. Bxh7+ Kh8 21. Be4 Nd7 22. Bd3 Rfe8 23. Ne4 Bf5 24. Qe2 Nf6 25. f3 Nxe4 26. Bxe4 Bxe4 27. Rxd8 Rxd8 28. Qxe4 Qd2 29. Re2 Qd6 30. Qe3 a5 31. Qe5 f6 32. Qh5+ Kg8 33. Re8+ Rxe8 34. Qxe8+ Kh7 35. Qe3 a4 36. Qe4+ Kg8 37. Qc2 a3 38. Qe2 Kf7 39. g3 Qd4+ 40. Kf1 Qa1+ 41. Kg2 Qb2 42. Qf2 Kf8 43. f4 Ke7 44. Kf3 Kd6 45. Qe2 Kc5 46. Qe7+ Kb6 47. Qe3+ Ka5 48. Qc5+ Ka6 49. b4 b6 50. Qxc6 Ka7 51. Qc7+ Ka8 52. c5 bxc5 53. Qc8+ Ka7 54. Qxc5+ Kb7 55. b5 Qxa2 56. Qc6+ Kb8 57. b6 Qf7 58. Qd6+ Kb7 59. Qxa3 Kxb6 60. Qb4+ Kc6 61. Qe4+ Kc5 62. g4 Kd6 63. Qd3+ Kc5 64. h4 Kc6 65. f5 Kc5 66. Qc3+ Kd6 67. Kf4 Qg8 68. g5 fxg5+ 69. hxg5 Kd7 70. Qc5 Qb8+ 71. Kg4 Qg8 72. Qe5 Qc4+ 73. Kh5 Qf7+ 74. g6 Qf8 75. Qe6+ Kd8 76. Qb6+ Kd7 77. Qb7+ Ke8 1-0

[Event "HUN-ch U8-U18 2019"]
[Site "Balatonlelle"]
[Date "2019.06.24"]
[Round "4.21"]
[White "Kolimar, Kristof Pal"]
[Black "Makay, Mark Janos"]
[Result "1/2-1/2"]
[ECO "A06"]
[WhiteElo "1979"]
[BlackElo "1354"]
[Annotator "NA"]
[PlyCount "110"]
[EventDate "2019.06.21"]
[EventType "swiss"]
[EventCountry "HUN"]
[SourceTitle "playchess.com"]
[Source "ChessBase"]
[SourceQuality "1"]
[TimeControl "40/5400+30:1800+30"]

1. Nf3 d5 2. c4 c6 3. d4 g6 4. Qc2 Nf6 5. Bf4 Bg7 6. e3 Bf5 7. Bd3 Bxd3 8. Qxd3 dxc4 9. Qxc4 Nbd7 10. O-O O-O 11. Nbd2 Nh5 12. Bg5 h6 13. Bh4 g5 14. Bg3 Nxg3 15. hxg3 e5 16. dxe5 Nxe5 17. Qc2 Qd3 18. Rac1 Rad8 19. Nxe5 Bxe5 20. Nc4 Bc7 21. a4 a5 22. Qxd3 Rxd3 23. Rfd1 Rfd8 24. Rxd3 Rxd3 25. Kf1 f5 26. Ke2 Rd5 27. Rc2 Kf7 28. Nd2 Ke6 29. Rc1 Be5 30. b3 f4 31. gxf4 gxf4 32. e4 Rd4 33. Rc5 Bd6 34. Rc2 Bb4 35. f3 Bxd2 36. Rxd2 Rb4 37. Rd3 c5 38. Rc3 b6 39. Kd2 Rd4+ 40. Kc2 Rd8 41. Rd3 Rg8 42. Rd2 h5 43. Kc3 h4 44. Kc4 Rg6 45. Kb5 Ke7 46. Ka6 Ke8 47. Kb7 Ke7 48. Kc7 Ke8 49. Rd8+ Ke7 50. Rh8 Rxg2 51. Rxh4 Rb2 52. Kxb6 Rxb3+ 53. Kxc5 Rxf3 54. Kb5 Rf1 55. Kxa5 f3 1/2-1/2

[Event "HUN-ch U8-U18 2019"]
[Site "Balatonlelle"]
[Date "2019.06.24"]
[Round "4.21"]
[White "Szabo, Andrea Erzsebet"]
[Black "Kovacs, Judit"]
[Result "0-1"]
[ECO "A48"]
[WhiteElo "1582"]
[BlackElo "2025"]
[Annotator "NA"]
[PlyCount "52"]
[EventDate "2019.06.21"]
[EventType "swiss"]
[EventCountry "HUN"]
[SourceTitle "playchess.com"]
[Source "ChessBase"]
[SourceQuality "1"]
[TimeControl "40/5400+30:1800+30"]

1. d4 Nf6 2. Nf3 g6 3. c3 Bg7 4. Bf4 O-O 5. Nbd2 d5 6. e3 c5 7. Be2 b6 8. h3 Nc6 9. O-O Nd7 10. Bb5 Bb7 11. Bxc6 Bxc6 12. Re1 Nf6 13. Ne5 Bb7 14. Ng4 Ne8 15. Bh6 f6 16. Bxg7 Kxg7 17. Nf3 Nd6 18. Qc2 Qc7 19. Rad1 Rae8 20. Qc1 Nf7 21. b4 c4 22. a3 Qc6 23. Qc2 Bc8 24. e4 dxe4 25. Qxe4 Qxe4 26. Rxe4 f5 0-1

[Event "HUN-ch U8-U18 2019"]
[Site "Balatonlelle"]
[Date "2019.06.24"]
[Round "4.22"]
[White "Szabo, Marton Nandor"]
[Black "Magold, Filip"]
[Result "0-1"]
[ECO "D10"]
[WhiteElo "1665"]
[BlackElo "1906"]
[Annotator "NA"]
[PlyCount "106"]
[EventDate "2019.06.21"]
[EventType "swiss"]
[EventCountry "HUN"]
[SourceTitle "playchess.com"]
[Source "ChessBase"]
[SourceQuality "1"]
[TimeControl "40/5400+30:1800+30"]

1. Nf3 d5 2. d4 Nf6 3. c4 c6 4. cxd5 cxd5 5. Bf4 e6 6. Nbd2 Nc6 7. e3 Bd6 8. Bg5 h6 9. Bh4 Be7 10. Be2 O-O 11. O-O a6 12. Rc1 Qd7 13. Bg3 b5 14. Ne5 Nxe5 15. Bxe5 Ne8 16. Nb3 Bb7 17. Nc5 Bxc5 18. Rxc5 Nd6 19. Bxd6 Qxd6 20. b4 Rfc8 21. a3 Rc6 22. f4 f5 23. Rf3 Rb6 24. Rg3 Bc6 25. Qe1 Qd7 26. Rg6 Qe7 27. Qc3 Qd7 28. Qe1 Kh7 29. Rg3 Qd6 30. Bd3 Rb7 31. Rh3 Kh8 32. Qg3 a5 33. Qg6 Be8 34. Qg3 axb4 35. axb4 Rba7 36. Qh4 Ra1+ 37. Kf2 R1a2+ 38. Kf3 Rd2 39. Bxb5 Bxb5 40. Rxb5 Qa6 41. Qe1 Qxb5 42. Qxd2 Qc4 43. Qe1 Ra2 44. g4 Qc2 45. Qf1 fxg4+ 46. Kxg4 Qg6+ 47. Kf3 Qe4+ 48. Kg4 Rg2+ 49. Rg3 Rxh2 50. Rh3 Rg2+ 51. Kh4 Qg6 52. Qf3 Qf6+ 53. Kh5 g6+ 0-1

[Event "HUN-ch U8-U18 2019"]
[Site "Balatonlelle"]
[Date "2019.06.24"]
[Round "4.22"]
[White "Bodo, Boglarka"]
[Black "Karacsonyi, Kata"]
[Result "0-1"]
[ECO "B27"]
[WhiteElo "1646"]
[BlackElo "1798"]
[Annotator "NA"]
[PlyCount "76"]
[EventDate "2019.06.21"]
[EventType "swiss"]
[EventCountry "HUN"]
[SourceTitle "playchess.com"]
[Source "ChessBase"]
[SourceQuality "1"]
[TimeControl "40/5400+30:1800+30"]

1. e4 c5 2. Nf3 g6 3. c3 d5 4. exd5 Qxd5 5. d4 Bg7 6. h3 Nf6 7. Be3 cxd4 8. cxd4 Qa5+ 9. Qd2 Qxd2+ 10. Nbxd2 O-O 11. Bc4 Nc6 12. O-O Na5 13. Rac1 Nxc4 14. Rxc4 Nd5 15. Rc5 Rd8 16. a3 b6 17. Rcc1 Ba6 18. Rfe1 Rac8 19. Nb3 h6 20. Nfd2 Nc7 21. Nf3 Ne6 22. Rxc8 Bxc8 23. Ne5 Bb7 24. Rc1 Bd5 25. Nd2 Bb7 26. Nb3 g5 27. Ng4 Kh7 28. Ne5 Bxe5 29. dxe5 Rd5 30. Rc2 Rxe5 31. Rd2 Nf4 32. Bxf4 gxf4 33. Rd4 f3 34. g4 Re1+ 35. Kh2 Re2 36. Rd2 e6 37. Rd7 Rxf2+ 38. Kh1 Bd5 0-1

[Event "HUN-ch U8-U18 2019"]
[Site "Balatonlelle"]
[Date "2019.06.24"]
[Round "4.23"]
[White "Sulyok, Eszter"]
[Black "Buri, Petra Zsuzsanna"]
[Result "1-0"]
[ECO "A20"]
[WhiteElo "1840"]
[BlackElo "1634"]
[Annotator "NA"]
[PlyCount "81"]
[EventDate "2019.06.21"]
[EventType "swiss"]
[EventCountry "HUN"]
[SourceTitle "playchess.com"]
[Source "ChessBase"]
[SourceQuality "1"]
[TimeControl "40/5400+30:1800+30"]

1. c4 e5 2. e3 Nf6 3. a3 g6 4. Nc3 Bg7 5. e4 O-O 6. g3 d6 7. Bg2 Nbd7 8. d3 Nc5 9. b4 Ne6 10. Nge2 a5 11. Rb1 axb4 12. axb4 c6 13. O-O Nd7 14. Kh1 f5 15. Bh3 Ng5 16. Bxg5 Qxg5 17. f4 Qh6 18. Bg2 Nf6 19. Bf3 fxe4 20. Nxe4 Ng4 21. Bxg4 Bxg4 22. Qd2 Bxe2 23. Qxe2 exf4 24. gxf4 Rae8 25. Qg4 d5 26. Nd6 Re7 27. c5 Bd4 28. Rf3 Qg7 29. Rbf1 b6 30. cxb6 Bxb6 31. Nc8 Rb7 32. Qe6+ Kh8 33. Qxc6 Qc7 34. Qxc7 Bxc7 35. Ne7 Rb5 36. f5 gxf5 37. Rh3 Rf6 38. Rg1 Rb8 39. Nxd5 Rc6 40. b5 Rc5 41. Nf6 1-0

[Event "HUN-ch U8-U18 2019"]
[Site "Balatonlelle"]
[Date "2019.06.24"]
[Round "4.23"]
[White "Marjanovic, Alex"]
[Black "Megyaszai, Balazs"]
[Result "0-1"]
[ECO "B52"]
[WhiteElo "1629"]
[BlackElo "1905"]
[Annotator "NA"]
[PlyCount "206"]
[EventDate "2019.06.21"]
[EventType "swiss"]
[EventCountry "HUN"]
[SourceTitle "playchess.com"]
[Source "ChessBase"]
[SourceQuality "1"]
[TimeControl "40/5400+30:1800+30"]

1. e4 c5 2. Nf3 d6 3. Bb5+ Bd7 4. Bxd7+ Nxd7 5. O-O Ngf6 6. Qe2 Rc8 7. Rd1 g6 8. c3 Bh6 9. Na3 O-O 10. d4 Bxc1 11. Raxc1 Ne8 12. e5 Nb6 13. dxc5 Rxc5 14. exd6 Nxd6 15. b4 Rc8 16. c4 Nd7 17. c5 Ne8 18. Ne5 Nef6 19. Qb5 Rc7 20. Nxd7 Rxd7 21. Rxd7 Qxd7 22. Qxd7 Nxd7 23. Rd1 Nf6 24. Nc4 Rc8 25. Ne5 Kg7 26. h3 Rc7 27. f3 e6 28. a3 Nd5 29. Kf2 Kf6 30. Ng4+ Ke7 31. Ne3 Nf6 32. Ke2 Nd7 33. Rc1 a6 34. Kd2 h5 35. Nc4 Nb8 36. Nb6 Nd7 37. Nc4 Nb8 38. Nd6 Nd7 39. Rc4 Ne5 40. Rc3 Nc6 41. f4 Rd7 42. Ke3 Kf8 43. Rc4 Ne7 44. a4 Nd5+ 45. Kf3 Rc7 46. b5 axb5 47. axb5 Ne7 48. Ke4 Rd7 49. Kf3 Rc7 50. g4 hxg4+ 51. Kxg4 Rd7 52. Kf3 Rc7 53. c6 b6 54. Ra4 Nd5 55. Nc4 Nc3 56. Nxb6 Nxb5 57. Ra8+ Kg7 58. Rc8 Rxc8 59. Nxc8 Nd4+ 60. Ke4 Nxc6 61. Nd6 Ne7 62. Nc4 Nf5 63. Ne5 Nd6+ 64. Kd4 Nf5+ 65. Ke4 Ng3+ 66. Kf3 Nh5 67. Nd3 Nf6 68. Ne5 Nd5 69. Ke4 Nf6+ 70. Kf3 Ne8 71. Ke4 Nd6+ 72. Kf3 Nf5 73. Ke4 Ne7 74. Kf3 Nc8 75. Ke4 Nd6+ 76. Kf3 Kh7 77. Kg4 Kg7 78. Kf3 Kf6 79. Kg4 g5 80. Nd7+ Ke7 81. Ne5 gxf4 82. Kxf4 Nf5 83. Ng4 f6 84. Ke4 Ng7 85. Kf4 Nh5+ 86. Ke3 e5 87. Ke4 Ke6 88. Ne3 Ng3+ 89. Kf3 Nf5 90. Nc4 Nd6 91. Ne3 Nf7 92. h4 Nh6 93. h5 f5 94. Nc4 Nf7 95. Ne3 Kf6 96. Nd5+ Kg5 97. Ne7 Nh6 98. Ke3 Ng4+ 99. Kf3 e4+ 100. Ke2 f4 101. Nd5 f3+ 102. Kf1 e3 103. h6 Nh2+ 0-1

[Event "HUN-ch U8-U18 2019"]
[Site "Balatonlelle"]
[Date "2019.06.24"]
[Round "4.24"]
[White "Toth, Gergely"]
[Black "Herczeg, Marcell"]
[Result "1/2-1/2"]
[ECO "C44"]
[WhiteElo "1485"]
[BlackElo "1783"]
[Annotator "NA"]
[PlyCount "36"]
[EventDate "2019.06.21"]
[EventType "swiss"]
[EventCountry "HUN"]
[SourceTitle "playchess.com"]
[Source "ChessBase"]
[SourceQuality "1"]
[TimeControl "40/5400+30:1800+30"]

1. e4 e5 2. Nf3 Nc6 3. d4 exd4 4. Nxd4 Nf6 5. f3 d6 6. Nc3 g6 7. Be3 Bg7 8. Bc4 Bd7 9. Qd2 Ne5 10. Bb3 O-O 11. O-O Qe7 12. Bg5 Nc6 13. Nd5 Qd8 14. Nb5 Rc8 15. Nbc3 Be6 16. Qf4 Bxd5 17. Nxd5 Nxd5 18. Bxd5 Nb8 1/2-1/2